 Dungeon Crawl Stone Soup version 0.22.0-49-gab54619674 (webtiles) character file.

124 AlolanVulpixel the Covered (level 5, -9/46 HPs)
             Began as a Hill Orc Fighter on Sept 4, 2018.
             Mangled by an ogre
             ... wielding a +0 giant club
              (12 damage)
             ... on level 4 of the Dungeon on Sept 5, 2018.
             The game lasted 00:06:51 (2430 turns).

AlolanVulpixel the Covered (Hill Orc Fighter)       Turns: 2430, Time: 00:06:51

Health: -9/46      AC:  7    Str: 25    XL:     5   Next: 8%
Magic:  5/5        EV:  8    Int:  8    God:
Gold:   100        SH: 10    Dex: 10    Spells: 4/4 levels left

rFire    . . .     SeeInvis .   a - +0 trident
rCold    . . .     Gourm    .   c - +0 shield
rNeg     . . .     Faith    .   b - +0 scale mail
rPois    +         Spirit   .   (no helmet)
rElec    .         Reflect  .   (no cloak)
rCorr    .         Harm     .   (no gloves)
MR       .....                  (no boots)
Stlth    ..........             (no amulet)
HPRegen  0.15/turn              p - ring of poison resistance
MPRegen  0.09/turn              (no ring)

@: mighty
A: no striking features
a: no special abilities


You were on level 4 of the Dungeon.
You were not hungry.

You visited 1 branch of the dungeon, and saw 4 of its levels.

You collected 100 gold pieces.

Inventory:

Hand Weapons
 a - a +0 trident (weapon)
Armour
 b - a +0 scale mail (worn)
 c - a +0 shield (worn)
Jewellery
 p - a ring of poison resistance (left hand)
Scrolls
 e - a scroll of identify {unknown}
 f - a scroll of enchant weapon {unknown}
 g - a scroll of teleportation
 j - a scroll of random uselessness {unknown}
 k - 2 scrolls of remove curse
 m - a scroll of immolation {unknown}
Potions
 d - a potion of might
 h - a potion of brilliance {unknown}
 i - 2 potions of haste
 l - 2 potions of heal wounds {unknown}
 n - a potion of resistance {unknown}
Comestibles
 o - 2 rations


   Skills:
 + Level 4.2 Fighting
 + Level 3.4 Polearms
 + Level 4.3 Armour
 + Level 0.7 Dodging
 + Level 4.0 Shields


You had 4 spell levels left.
You didn't know any spells.
Your spell library was empty.

Dungeon Overview and Level Annotations

Branches:
Dungeon (4/15)
 Temple: D:4-7

Altars:
Okawaru


Message History

You hit the ogre.
The ogre is moderately wounded.
You closely miss the ogre.
The ogre is moderately wounded.
You block the ogre's attack.
You hit the ogre.
The ogre is moderately wounded.
The ogre hits you with a giant club!
You are too injured to fight recklessly!
You are too injured to fight recklessly!
You feel very mighty all of a sudden. The ogre hits you with a giant club!
* * * LOW HITPOINT WARNING * * *
You hit the ogre but do no damage.
The ogre is moderately wounded.
You block the ogre's attack.
You puncture the ogre!
The ogre is almost dead.
The ogre hits you with a giant club!
You die...

## #### ## #. ..#
### ##.. #. #.#
##.## #....#.
####.####.#.##
...#.
#........###.#
......##.####.#.##
#.#####.# ##.##
#.SO@...#####.####
##########.......#
#.##.##.#
#.##.##.#
#.##....#
#.####†.#
#.####..#
#.......#
####...##


You could see an ogre and an adder.

Vanquished Creatures
  A worker ant (D:4)
  4 adders
  A worm (D:2)
  3 leopard geckos
  3 giant cockroaches
  10 goblins
  9 hobgoblins
  4 jackals (D:3)
  2 quokkas (D:2)
  4 bats
  4 frilled lizards
  6 kobolds
  4 rats
55 creatures vanquished.

Notes
Turn   | Place    | Note
-------+----------+-------------------------------------------
     0 | D:1      | AlolanVulpixel the Hill Orc Fighter began the quest for the
                  | Orb.
     0 | D:1      | Reached XP level 1. HP: 19/19 MP: 1/1
   180 | D:1      | Reached XP level 2. HP: 21/27 MP: 2/2
   631 | D:1      | Reached XP level 3. HP: 33/33 MP: 3/3
  1108 | D:2      | Reached XP level 4. HP: 37/40 MP: 4/4
  1975 | D:3      | Found an iron altar of Okawaru.
  2286 | D:4      | Reached XP level 5. HP: 31/46 MP: 5/5
  2419 | D:4      | Noticed an ogre
  2426 | D:4      | HP: 2/46 [ogre/giant club (14)]
  2430 | D:4      | Mangled by an ogre

Skill      XL: |  1  2  3  4 |
---------------+-------------+-----
Fighting       | 4 |  4.2
Armour         | 4 |  4.3
Polearms       | 3 |  3.4
Shields        | 4 |  4.0
Dodging        | |  0.7

Action                   |  1- 3 |  4- 6 || total
-------------------------+-------+-------++-------
Melee: Trident           |   117 |    88 ||   205
  Use: Potion            |       |     3 ||     3
       Scroll            |       |     2 ||     2
  Eat: Chunk             |       |     2 ||     2
       Ration            |       |     1 ||     1
Armor: Scale mail        |    35 |    39 ||    74
Dodge: Dodged            |    36 |    28 ||    64
Block: Shield            |    64 |    31 ||    95
